 Dungeon Crawl Stone Soup version 0.28-a0-998-gb9e9c7b67e (webtiles) character file.

Game seed: 5878347722014479557

32732 emperorscorpion the Eclecticist (level 14, -7/87 HPs)
             Began as a Djinni Necromancer on Dec 4, 2021.
             Was a High Priest of Makhleb.
             Killed from afar by Xaifossi's ghost (40 damage)
             ... with a stone arrow
             ... on level 2 of the Lair of Beasts on Dec 5, 2021.
             The game lasted 00:54:15 (16389 turns).

emperorscorpion the Eclecticist (DjNe)             Turns: 16389, Time: 00:54:16

Health: -7/87      AC: 12    Str: 13    XL:     14   Next: 4%
Gold:   999        EV: 13    Int: 24    God:    Makhleb [*****.] SH:  5 Dex: 17

rFire   + + .      SeeInvis .   g - +3 dagger (protect)
rCold   x . .      Faith    .   Q - +0 buckler
rNeg    . . .      Spirit   .   r - +0 leather armour of the Elephant {Harm *Slow Str+6 Int+3 Slay+5}
rPois   ∞          Reflect  .   X - +0 helmet
rElec   .          Harm     +   G - +2 cloak {rCorr}
rCorr   +          Rampage  .   (no gloves)
Will    +....                   (boots unavailable)
Stlth   ++++......              L - amulet of regeneration
HPRegen 1.04/turn               B - ring of resist corrosion
MPRegen 0.00/turn               D - +4 ring of protection

@: flying, studying 2 skills
A: sickness immunity, fire resistance 2, cold vulnerability 1, float, innate
caster, hp casting, extra vitality 1, thin skeletal structure 1
a: Renounce Religion, Minor Destruction, Lesser Servant of Makhleb, Major
Destruction, Greater Servant of Makhleb


You were on level 2 of the Lair of Beasts.
You worshipped Makhleb.
Makhleb was extremely pleased with you.
You visited 3 branches of the dungeon, and saw 17 of its levels.
You also visited: Bailey.

You collected 999 gold pieces.

Inventory:

Hand Weapons
 c - a +0 dagger
 g - a +3 dagger of protection (weapon)
 C - a +4 spectral quarterstaff
 H - a +4 dagger of chaos
 J - a +3 scimitar of flaming
Missiles
 i - 10 atropa-tipped darts
 k - 4 javelins
 t - a throwing net
 v - 3 curare-tipped darts
 x - 9 boomerangs
 z - 95 poisoned darts (quivered)
Armour
 a - a +0 robe
 f - a +0 leather armour
 l - a +2 ring mail of willpower
 r - the +0 leather armour of the Elephant (worn) {Harm *Slow Str+6 Int+3 Slay+5}
   (You found it on level 5 of the Dungeon)

   Str:       It affects your strength (+6).
   Int:       It affects your intelligence (+3).
   Slay:      It affects your accuracy & damage with ranged weapons and melee
   (+5).
   *Slow:     It may slow you when you take damage.
   Harm:      It increases damage dealt and taken.
 s - a scarf of shadows
 E - a +2 scale mail of cold resistance
 G - a +2 cloak of preservation (worn)
 N - a +1 hat
 Q - a +0 buckler (worn)
 X - a +0 helmet (worn)
Magical Staves
 m - a staff of conjuration
Jewellery
 B - a ring of resist corrosion (left hand)
 D - a +4 ring of protection (right hand)
 L - an amulet of regeneration (around neck)
 W - a +6 ring of intelligence
 Z - a +6 ring of dexterity
Wands
 b - a wand of iceblast (9)
 F - a wand of digging (5)
 O - a wand of paralysis (5)
 R - a wand of flame (32)
 V - a wand of polymorph (1)
Scrolls
 d - a scroll of blinking
 j - 3 scrolls of immolation
 p - 3 scrolls of enchant armour
 w - 3 scrolls of brand weapon
 y - 5 scrolls of enchant weapon
 I - 4 scrolls of identify
 M - a scroll of silence
 S - a scroll of holy word
 U - a scroll of fear
 Y - a scroll of magic mapping
Potions
 e - 2 potions of lignification
 h - 3 potions of curing
 n - 4 potions of haste
 o - a potion of attraction
 q - 2 potions of brilliance
 u - 3 potions of mutation
 A - a potion of cancellation
 K - a potion of resistance
 P - a potion of might {unknown}
 T - a potion of magic {unknown}


   Skills:
 + Level 3.2 Fighting
 + Level 1.1 Throwing
 + Level 5.0 Armour
 + Level 5.0 Dodging
 - Level 4.3 Stealth
 + Level 2.1 Shields
 + Level 0.4 Unarmed Combat
 + Level 16.4 Spellcasting
 + Level 1.1 Evocations


You had 12 spell levels left.
You knew the following spells:

 Your Spells              Type           Power      Damage    Failure   Level
a - Lightning Bolt        Conj/Air       39%        1d57      1%          5
b - Summon Lightning Spi  Summ/Air       78%        N/A       1%          4
c - Vampiric Draining     Necr           78%        2d11      0%          3
d - Animate Dead          Necr           39%        N/A       1%          4
e - Agony                 Necr           78%        N/A       1%          5
f - Apportation           Tloc           100%       N/A       0%          1
g - Searing Ray           Conj           100%       2d8       0%          2
h - Conjure Flame         Conj/Fire      78%        6-21      0%          3
i - Airstrike             Air            39%        N/A       1%          4
j - Pain                  Necr           100%       1d9       0%          1
k - Animate Skeleton      Necr           100%       N/A       0%          1
Your spell library was empty.

Dungeon Overview and Level Annotations

Branches:
Dungeon (14/15)            Temple (1/1) D:4            Lair (2/6) D:9
    Orc (0/2) D:10         Bailey (visited)
  Swamp: Lair:2-4    Shoals: Lair:2-4     Snake: Lair:2-4    Spider: Lair:2-4
 Vaults: D:13-14

Altars:
Dithmenos
Elyvilon
Fedhas
Gozag
Hepliaklqana
Kikubaaqudgha
Makhleb
Nemelex Xobeh
Qazlal
Vehumet
Wu Jian
Xom
The Shining One

Shops:
D:1 ?   D:7 (*

Annotations:
Lair:2 Xaifossi's ghost, journeyman GrEE


Innate Abilities, Weirdness & Mutations

You are immune to sickness and miasma.
You are immune to poison.
Your flesh is very heat resistant. (rF++)
You are vulnerable to cold. (rC-)
You float through the air rather than walking.
You learn spells naturally, not from books.
Your magical power is your life essence.
You have superior vitality. (+4 HP)
You have a somewhat thin skeletal structure. (Dex +2, Stealth+)


Message History

You feel better.
I - 4 scrolls of identify (gained 1)
Your lightning spire disappears in a puff of smoke!
w - 3 scrolls of brand weapon (gained 1)
Found a large runed translucent door.
Xaifossi's ghost screams, "You must not succeed where I failed!"
Found a hunting sling.
You see here a +0 hunting sling.
Found a stone staircase leading up.
Xaifossi's ghost turns its malevolent gaze towards you.
Xaifossi's ghost shrieks, "Very impressive.
But it won't help.
Nothing will."
Press: ? - help, v - describe, . - travel
Here: Xaifossi's ghost (black smoke, lava, wandering, hasn't noticed you, fire blocked by a runed translucent door) Some lava.
Casting: Lightning Bolt (safe; 1% risk of failure)
Confirm with . or Enter, or press ? or * to list all spells.
An electric hum fills the air.
Xaifossi's ghost turns its malevolent gaze towards you.
Unknown command.
As you open the large door, it creaks loudly!
Your lightning spire shoots out a bolt of lightning at Xaifossi's ghost!
The bolt of electricity hits Xaifossi's ghost.
Xaifossi's ghost resists.
The bolt of electricity hits Xaifossi's ghost but does no damage.
Casting: Summon Lightning Spire (safe; 1% risk of failure)
Confirm with . or Enter, or press ? or * to list all spells.
Aiming: Lightning Bolt (safe; 1% risk of failure)
Press: ? - help, Shift-Dir - straight line That beam is likely to hit you.
Continue anyway?
You hear a mighty clap of thunder!
The bolt of lightning hits Xaifossi's ghost.
Xaifossi's ghost resists.
Xaifossi's ghost is lightly damaged.
The bolt of lightning misses Xaifossi's ghost.
The bolt of lightning hits you!!!
Ouch! That really hurt!
You block Xaifossi's ghost's attack.
Xaifossi's ghost points at you and mumbles some strange words.
The stone arrow hits you!!
You die...

.......#######........#8.<..+...8
.......###..##..8.....#..........
.......##.#≈.#........##.8.##...#
#########≈?8≈#...#.P##########...
# #.=.≈.'...#### #..#.^. #
##..#≈'...# ##.##... #
#$..$≈#W.##### #..#.#.. #
###.≈.#....#.#### ##...#..
#########≈##.###@##..#.###......8
.......#######..............#....
.................................
########.#..#######.#####)..##...
###### #.# ##...##+# ###
#........ ##....... #........
##.......


You could see Xaifossi's ghost.

Vanquished Creatures
  A boulder beetle (D:11)
  2 hydras
  Erica (D:8)
  Sonja (D:12)
  5 skeletal warriors
  An orc knight (Bailey)
  2 manticores
  Joseph (D:7)
  3 elephants (Lair:2)
  3 cane toads
  An unseen horror (D:12)
  3 yaktaurs (D:14)
  5 komodo dragons
  A freezing wraith (D:14)
  A tengu conjurer (D:14)
  A rime drake (Lair:2)
  Psyche (D:8)
  A kobold demonologist (D:11)
  3 trolls
  A wraith (D:6)
  10 yaks
  2 wyverns
  Grum (D:10)
  A steam dragon (D:10)
  An acid dragon (D:12)
  5 water moccasins
  Duvessa (D:7)
  13 orc warriors
  2 sky beasts
  3 necrophages
  4 ogres
  3 centaurs
  3 phantoms
  6 bullfrogs
  4 kobold brigands
  A gnoll sergeant (D:7)
  A scorpion (D:6)
  A wyvern skeleton (D:6)
  3 killer bees (D:8)
  4 howler monkeys
  A bullfrog zombie (D:6)
  2 jellies
  A centaur zombie (D:10)
  A gnoll shaman (D:6)
  3 orc priests
  Crazy Yiuf (D:7)
  4 iguanas
  A scorpion zombie (D:5)
  2 orc wizards
  A hound skeleton (D:4)
  7 gnolls
  A howler monkey skeleton (D:6)
  6 adders
  3 ufetubi
  An adder skeleton (D:5)
  4 worms
  2 dart slugs
  30 orcs
  2 ball pythons
  6 bats
  8 endoplasms
  2 giant cockroaches
  4 goblins (D:1)
  7 hobgoblins
  3 quokkas
  A frilled lizard (D:1)
  17 kobolds
  6 rats
234 creatures vanquished.

Vanquished Creatures (collateral kills)
  2 boulder beetles
  A two-headed ogre (D:8)
  3 skeletal warriors
  A deep elf pyromancer (D:12)
  2 elephants (Lair:2)
  2 cyclopes (D:12)
  A manticore (D:8)
  A freezing wraith (D:11)
  3 trolls
  2 slime creatures (D:12)
  A shadow (D:10)
  7 yaks
  2 wyverns
  2 steam dragons
  3 vampire mosquitoes
  2 acid dragons
  2 water moccasins
  5 orc warriors (Bailey)
  An ice beast (D:7)
  3 ogres (D:10)
  4 wolves (D:10)
  8 centaurs
  A kobold brigand (D:9)
  A wyvern zombie (D:8)
  A bullfrog (Lair:2)
  2 gnoll sergeants (D:10)
  Dowan (D:7)
  A killer bee (D:8)
  A howler monkey (D:8)
  2 centaur zombies (D:9)
  An orc priest (D:12)
  A howler monkey zombie (D:9)
  5 gnolls
  19 orcs
  4 kobolds
98 creatures vanquished.

Vanquished Creatures (others)
  6 fungi
  22 plants
28 creatures vanquished.

Grand Total: 360 creatures vanquished

Notes
Turn   | Place    | Note
-------+----------+-------------------------------------------
     0 | D:1      | emperorscorpion the Djinni Necromancer began the quest for
                  | the Orb.
     0 | D:1      | Reached XP level 1. HP: 15/15 MP: 0/0
   379 | D:1      | Reached XP level 2. HP: 13/21 MP: 0/0
   592 | D:1      | Found Qumext's Magic Scroll Emporium.
  1260 | D:1      | Reached XP level 3. HP: 18/25 MP: 0/0
  1260 | D:1      | Learned a level 1 spell: Apportation
  1697 | D:2      | Reached skill level 4 in Spellcasting
  2134 | D:2      | Reached XP level 4. HP: 15/31 MP: 0/0
  2332 | D:2      | Found a faded altar of an unknown god.
  3659 | D:3      | Reached XP level 5. HP: 14/35 MP: 0/0
  3659 | D:3      | Learned a level 2 spell: Searing Ray
  4345 | D:3      | Found a white marble altar of Elyvilon.
  4752 | D:4      | Found a staircase to the Ecumenical Temple.
  4762 | Temple   | Entered the Ecumenical Temple
  4822 | Temple   | Became a worshipper of Makhleb the Destroyer
  4881 | D:4      | Reached skill level 5 in Spellcasting
  4947 | D:4      | Reached XP level 6. HP: 36/40 MP: 0/0
  5414 | D:5      | Entered Level 5 of the Dungeon
  5467 | D:5      | Noticed a necrophage
  5473 | D:5      | Killed a necrophage
  5474 | D:5      | Reached skill level 1 in Fighting
  5474 | D:5      | Reached skill level 1 in Armour
  5528 | D:5      | Identified the +0 leather armour of the Elephant {Harm
                  | *Slow Str+6 Int+3 Slay+5}
  5690 | D:5      | Reached XP level 7. HP: 42/47 MP: 0/0
  5690 | D:5      | Learned a level 3 spell: Conjure Flame
  5991 | D:5      | Reached skill level 6 in Spellcasting
  6388 | D:5      | Gained mutation: You have a somewhat thin skeletal
                  | structure. (Dex +2, Stealth+) [potion of mutation]
  6674 | D:6      | Reached XP level 8. HP: 47/52 MP: 0/0
  7046 | D:6      | Reached skill level 7 in Spellcasting
  7058 | D:6      | Reached * piety under Makhleb
  7284 | D:6      | Noticed a wraith
  7299 | D:6      | Killed a wraith
  7493 | D:6      | Reached XP level 9. HP: 35/58 MP: 0/0
  7493 | D:6      | Learned a level 4 spell: Summon Lightning Spire
  7641 | D:6      | Reached skill level 8 in Spellcasting
  8579 | D:7      | Found Rstrafru's Retail Resort.
  8581 | D:7      | Noticed Joseph
  8588 | D:7      | Killed Joseph
  8793 | D:7      | Reached skill level 9 in Spellcasting
  8919 | D:7      | Noticed Dowan
  8920 | D:7      | Noticed Duvessa
  8924 | D:7      | Killed Dowan
  8925 | D:7      | Killed Duvessa
  9087 | D:7      | Found Domei's Weapon Emporium.
  9143 | D:7      | Found a blossoming altar of Fedhas.
  9265 | D:7      | Found a runed translucent door.
  9266 | D:7      | Noticed Crazy Yiuf
  9275 | D:7      | Killed Crazy Yiuf
  9451 | D:7      | Reached XP level 10. HP: 65/65 MP: 0/0
  9615 | D:8      | Noticed Psyche
  9621 | D:8      | Killed Psyche
  9623 | D:8      | Reached skill level 10 in Spellcasting
  9892 | D:8      | Reached ** piety under Makhleb
  9930 | D:8      | Noticed Erica
  9942 | D:8      | Killed Erica
 10037 | D:8      | Noticed a two-headed ogre
 10044 | D:8      | Killed a two-headed ogre
 10138 | D:8      | Reached skill level 11 in Spellcasting
 10325 | D:8      | Noticed a manticore
 10330 | D:8      | Killed a manticore
 10331 | D:8      | Reached XP level 11. HP: 43/69 MP: 0/0
 10331 | D:8      | Learned a level 4 spell: Airstrike
 10678 | D:9      | Reached skill level 1 in Evocations
 11051 | D:9      | Found a staircase to the Lair.
 11374 | D:9      | Reached skill level 12 in Spellcasting
 11592 | D:10     | Entered Level 10 of the Dungeon
 11600 | D:10     | Noticed Grum
 11615 | D:10     | Killed Grum
 11785 | D:10     | Noticed an eight-headed hydra
 11793 | D:10     | Killed an eight-headed hydra
 11795 | D:10     | Reached *** piety under Makhleb
 11913 | D:10     | Found a shadowy altar of Dithmenos.
 12014 | D:10     | Found a staircase to the Orcish Mines.
 12017 | D:10     | Reached skill level 13 in Spellcasting
 12017 | D:10     | Reached XP level 12. HP: 74/76 MP: 0/0
 12587 | D:11     | Noticed a four-headed hydra
 12592 | D:11     | Noticed a boulder beetle
 12593 | D:11     | Killed a four-headed hydra
 12598 | D:11     | Killed a boulder beetle
 13013 | D:12     | Reached skill level 14 in Spellcasting
 13029 | D:12     | Noticed Sonja
 13039 | D:12     | Killed Sonja
 13117 | D:12     | Found a flagged portal.
 13117 | D:12     | Noticed a skeletal warrior
 13117 | D:12     | Noticed a skeletal warrior
 13129 | D:12     | Killed a skeletal warrior
 13129 | D:12     | Reached **** piety under Makhleb
 13130 | D:12     | Reached skill level 5 in Armour
 13135 | D:12     | Killed a skeletal warrior
 13152 | D:12     | Noticed a boulder beetle
 13168 | D:12     | Reached skill level 1 in Throwing
 13184 | D:12     | Killed a boulder beetle
 13185 | D:12     | Reached XP level 13. HP: 46/80 MP: 0/0
 13185 | D:12     | Learned a level 5 spell: Lightning Bolt
 13203 | Bailey   | Entered a bailey
 13750 | D:12     | Reached skill level 15 in Spellcasting
 13980 | D:12     | Reached ***** piety under Makhleb
 14017 | D:12     | Reached skill level 1 in Shields
 14208 | D:13     | You are sucked into a shaft and drop 1 floor!
 14230 | D:14     | Noticed a boulder beetle
 14256 | D:14     | Killed a boulder beetle
 14257 | D:14     | Reached skill level 5 in Dodging
 14305 | D:13     | Noticed a centaur warrior
 14636 | D:14     | Upgraded the game from 0.28-a0-991-g956f0ee3d5 to
                  | 0.28-a0-998-gb9e9c7b67e
 14703 | D:13     | Noticed a centaur warrior
 14911 | Lair:1   | Entered Level 1 of the Lair of Beasts
 15314 | Lair:1   | Reached skill level 16 in Spellcasting
 15936 | Lair:2   | Reached XP level 14. HP: 73/87 MP: 0/0
 16116 | Lair:2   | Found a large runed translucent door.
 16116 | Lair:2   | Found a large runed translucent door.
 16119 | Lair:2   | Noticed Xaifossi's ghost (journeyman GrEE)
 16389 | Lair:2   | Killed from afar by Xaifossi's ghost

Illustrated notes

Levels and vault maps discovered:
D:1:      eino_arrival_tree_alley, layout_rooms, serial_shops, shop,
          st_stairs_11
D:2:      layout_loops_ring, dreamdust_ecumenical_altar_statues
D:3:      layout_basic, mainiacjoe_overflow_alcove_2, grunt_decor_fettered
D:4:      layout_cave_pools, minmay_temple_entry_proselytizer
D:5:      layout_rooms
D:6:      kennysheep_six_static_rooms, layout_basic
D:7:      layout_basic, fedhas_altar_3, serial_shops, shop,
          nicolae_alphabet_shops, uniq_crazy_yiuf_cottage, uniq_duvessa,
          uniq_joseph
D:8:      layout_gridville, uniq_psyche, uniq_erica
D:9:      layout_loops_cross, david_lair_shrubbed, minmay_liquid_box,
          nicolae_figureground_sparkle
D:10:     layout_basic, vehumet_crystals, grunt_dithmenos_shadows,
          kennysheep_orc_monster_closet_entryway, uniq_grum
D:11:     layout_rooms
D:12:     layout_basic, enter_bailey_6, special_room [special_room_orc],
          uniq_sonja
D:13:     layout_irregular_city, uniq_snorg
D:14:     layout_irregular_city, hangedman_vaults_entry_quadrant_bands,
          minmay_misc_feat_tower, drop_trap
Temple:   compressed_dpeg_circular_temple
Lair:1:   layout_cave_pods, serial_bayou_shore_b
Lair:2:   layout_long_grid, ebering_ghost_disaster_area, grunt_megastairs_1

Skill      XL: |  1  2  3  4  5  6  7  8  9 10 11 12 13 |
---------------+----------------------------------------+-----
Spellcasting   | 4 5 6 7 9 11 13 14 16 | 16.4
Stealth        | 2 3 4 |  4.3
Fighting       | 1 2 3 |  3.2
Armour         | 1 2 3 4 5 |  5.0
Dodging        | 3 4 5 |  5.0
Evocations     | 1 |  1.1
Throwing       | 1 |  1.1
Shields        | 2 |  2.1
Unarmed Combat | |  0.4

Action                   |  1- 3 |  4- 6 |  7- 9 | 10-12 | 13-15 || total
-------------------------+-------+-------+-------+-------+-------++-------
Melee: Dagger            |       |     1 |     5 |     6 |       ||    12
       Unarmed           |       |       |       |     2 |       ||     2
Throw: Dart              |       |       |       |     2 |     3 ||     5
 Cast: Pain              |    52 |    78 |    42 |    58 |       ||   230
       Vampiric Draining |     2 |     3 |    10 |    45 |     2 ||    62
       Searing Ray       |       |     6 |    28 |    18 |       ||    52
       Conjure Flame     |       |       |     5 |     2 |       ||     7
       Animate Dead      |       |       |     1 |     1 |       ||     2
       Agony             |       |       |     1 |       |       ||     1
       Summon Lightning  |       |       |     7 |    42 |    45 ||    94
       Airstrike         |       |       |       |    17 |     1 ||    18
       Lightning Bolt    |       |       |       |       |   110 ||   110
Evoke: Wand              |       |       |       |     6 |       ||     6
  Use: Scroll            |     3 |     9 |     7 |     9 |       ||    28
       Potion            |       |       |     1 |     1 |       ||     2
 Stab: Sleeping          |       |       |     3 |     1 |       ||     4
Armor: Leather armour    |     2 |     2 |     4 |    23 |     5 ||    36
Dodge: Dodged            |     8 |     9 |    20 |    75 |    12 ||   124
Block: Buckler           |       |       |       |     3 |    10 ||    13

Table legend: (Time is in decaauts)
 A = Elapsed time spent in this place.
 B = Non-inter-level travel time spent in this place.
 C = Inter-level travel time spent in this place.
 D = Time resting spent in this place.
 E = Time spent auto-exploring this place.
 F = Levels seen in this place.
 G = Mean time per level.
                   A        B        C        D        E       F      G
               +--------+--------+--------+--------+--------+-----+--------+
         Total |  16392 |  15215 |   1177 |    347 |  12769 |  18 |  910.7 |
       Dungeon |  14323 |  13162 |   1161 |    297 |  11016 |  14 | 1023.1 |
        Temple |     72 |     61 |     11 |      0 |     49 |   1 |   72.0 |
          Lair |   1477 |   1473 |      4 |      0 |   1379 |   2 |  738.5 |
        Bailey |    518 |    518 |      0 |     50 |    325 |   1 |  518.0 |
               +--------+--------+--------+--------+--------+-----+--------+

Top non-repeatable levels by time:
     D:6: 2124 daAuts
     D:1: 1711 daAuts
     D:3: 1530 daAuts
     D:2: 1373 daAuts
     D:7: 1035 daAuts
     D:8: 1030 daAuts
     D:5: 1013 daAuts
     D:9: 1008 daAuts
    D:12: 874 daAuts
    D:10: 790 daAuts
  Lair:1: 740 daAuts
  Lair:2: 736 daAuts
     D:4: 725 daAuts
    D:14: 601 daAuts
  Bailey: 518 daAuts
